[Event "Early-Titled-Tuesday-Blitz-August-29-2023"]
[Site "Chess.com"]
[Date "2023.08.29"]
[Round "10"]
[White "AttilaTurzo"]
[Black "jerry_77"]
[Result "0-1"]
[WhiteElo "2523"]
[BlackElo "2641"]
[TimeControl "180+1"]
[EndTime "9:50:21 PDT"]
[Termination "jerry_77 won by resignation"]

1. d4 Nf6 2. Nf3 e6 3. Bf4 d5 4.
e3 Bd6 5. Nbd2 O-O 6. Bd3 c5 7. c3 Qc7 8. Bxd6 Qxd6 9. O-O Nbd7 10. Qe2 cxd4 11. exd4 b6 12. Ne5 Bb7 13. f4 Qe7 14. Rf3 g6 15. Rh3 Ne8 16. g4 Ng7 17. Ndf3 Nf6 18.
g5 Ne4 19. Nd2 f5 20. Bxe4 fxe4 21. Rf1 Nh5 22. Rxh5 gxh5 23. Qxh5 e3 24. Nb3 Ba6 25. Re1 e2 26. Ng4 Rxf4 27. Nf6+ Kh8 28. Nc1 Rf1+ 0-1

[Event "Early-Titled-Tuesday-Blitz-August-29-2023"]
[Site "Chess.com"]
[Date "2023.08.29"]
[Round "10"]
[White "sorch29"]
[Black "Magila31"]
[Result "1-0"]
[WhiteElo "2381"]
[BlackElo "2474"]
[TimeControl "180+1"]
[EndTime "9:50:26 PDT"]
[Termination "sorch29 won by resignation"]

1. d4 g6 2. c4 Bg7 3. Nc3 d6 4.
e4 Nc6 5. Be3 e5 6. Nge2 exd4 7.
Nxd4 Nf6 8. Be2 O-O 9. O-O Re8 10.
f3 Nh5 11. Qd2 Nf4 12. Rfd1 Nxd4 13. Bxd4 Qg5 14. Bf1 Bxd4+ 15. Qxd4 h5 16. Nd5 c5 17. Qd2 Nh3+ 18. Kh1 Qxd2 19. Rxd2 1-0

[Event "Early-Titled-Tuesday-Blitz-August-29-2023"]
[Site "Chess.com"]
[Date "2023.08.29"]
[Round "10"]
[White "Vaibhavraut99"]
[Black "chess94cu"]
[Result "0-1"]
[WhiteElo "2575"]
[BlackElo "2718"]
[TimeControl "180+1"]
[EndTime "9:50:43 PDT"]
[Termination "chess94cu won by checkmate"]

1. Nf3 Nf6 2. b3 b6 3. Bb2 Bb7 4. e3 d6 5. Be2 Nbd7 6. d4 e6 7. O-O Be7 8. c4 O-O 9. Nc3 d5 10. Rc1 a6 11. Ne5 c5 12. cxd5 exd5 13. Bf3 cxd4 14.
exd4 Rc8 15. Re1 Re8 16. h3 h6 17. Qd3 Bd6 18. Nxd7 Qxd7 19. Na4 Rxe1+ 20. Rxe1 Qd8 21.
Bc3 Ne4 22. Bd2 b5 23. Nc3 Nxd2 24. Qxd2 Bb4 25. Rc1 Qa5 26. Bg4 Rxc3 27. Rxc3 Bxc3 28. Qe3 Bc6 29. Qe7 Bxd4 30. Bh5 g6 31. Bxg6 fxg6 32. Qe6+ Kh7 33. Qxc6 Qe1+ 34. Kh2 Be5+ 35. g3 Qxf2+ 36. Kh1 Qf3+ 37. Kg1 Qxg3+ 38. Kf1 Qxh3+ 39. Ke1 Qe3+ 40. Kd1 Qd3+ 41. Ke1 Bg3# 0-1

[Event "Early-Titled-Tuesday-Blitz-August-29-2023"]
[Site "Chess.com"]
[Date "2023.08.29"]
[Round "10"]
[White "GM_shahin"]
[Black "JiiHart"]
[Result "1-0"]
[WhiteElo "2705"]
[BlackElo "2104"]
[TimeControl "180+1"]
[EndTime "9:50:45 PDT"]
[Termination "GM_shahin won by checkmate"]

1. e4 c5 2. Nf3 Nc6 3. Bb5 e6 4. O-O Nge7 5. Re1 a6 6. Bf1 Ng6 7. c3 Be7 8. d4 cxd4 9. cxd4 d5 10. exd5 exd5 11. Nc3 O-O 12. h3 Bf6 13. Be3 b5 14.
Rc1 Bb7 15. g3 Rc8 16. h4 Na5 17. h5 Ne7 18. Bh3 Rc6 19. h6 g6 20. Ne5 Bxe5 21.
dxe5 Nc4 22. Bg5 Re6 23. b3 Rxe5 24. Bf6 Rxe1+ 25. Qxe1 Re8 26. bxc4 Qd6 27. Bg5 f6 28. Qe6+ Qxe6 29. Bxe6+ Kf8 30. Bxf6 dxc4 31. Bg7# 1-0

[Event "Early-Titled-Tuesday-Blitz-August-29-2023"]
[Site "Chess.com"]
[Date "2023.08.29"]
[Round "10"]
[White "Zampronha1971"]
[Black "knightinshiningarmour16"]
[Result "1-0"]
[WhiteElo "2282"]
[BlackElo "2119"]
[TimeControl "180+1"]
[EndTime "9:50:53 PDT"]
[Termination "Zampronha1971 won by checkmate"]

1. e4 c6 2. d4 d5 3. e5 Bf5 4. Nf3 e6 5. Be2 c5 6. Be3 cxd4 7. Nxd4 Bg6 8. c4 dxc4 9. Bxc4 Qa5+ 10. Nc3 Qxe5 11.
Bb5+ Nd7 12. Bxd7+ Kxd7 13. Qa4+ Ke7 14. Qb4+ Ke8 15.
Qxb7 Rd8 16. Qc6+ Ke7 17. O-O Rxd4 18. Bxd4 Qxd4 19. Rad1 Qb6 20. Rd7+ Kf6 21. Qf3+ Kg5 22. Ne4+ Bxe4 23. Qxe4 Nh6 24. h4+ Kf6 25. Qf4+ Nf5 26. Qg5+ Ke5 27. Re1+ Qe3 28. Rxe3# 1-0

[Event "Early-Titled-Tuesday-Blitz-August-29-2023"]
[Site "Chess.com"]
[Date "2023.08.29"]
[Round "10"]
[White "MatyChess1"]
[Black "NovozhilovSemen"]
[Result "0-1"]
[WhiteElo "2662"]
[BlackElo "2548"]
[TimeControl "180+1"]
[EndTime "9:50:54 PDT"]
[Termination "NovozhilovSemen won by resignation"]

1. d4 Nf6 2. Bf4 e6 3. e3 c5 4.
Nf3 cxd4 5. exd4 b6 6. Nc3 Bb7 7. Nb5 d6 8. c4 a6 9. Nc3 Nbd7 10. h3 Be7 11. Bd3 O-O 12. O-O Qb8 13. Re1 Bd8 14. Qe2 Bc7 15. Rad1 e5 16. dxe5 Re8 17. Bh2 dxe5 18.
Ne4 Nxe4 19. Bxe4 Bxe4 20. Qxe4 Nc5 21. Qf5 e4 22. Bxc7 Qxc7 23. Ng5 g6 24. Qf6 h6 25. Nxf7 Qxf7 26. Qxb6 Nd3 27. Re2 Rab8 28. Qd4 Rbd8 29. Qc3 Nf4 30. Red2 Ne2+ 0-1

[Event "Early-Titled-Tuesday-Blitz-August-29-2023"]
[Site "Chess.com"]
[Date "2023.08.29"]
[Round "10"]
[White "Henryk_S"]
[Black "kidagent"]
[Result "1-0"]
[WhiteElo "2138"]
[BlackElo "2264"]
[TimeControl "180+1"]
[EndTime "9:50:55 PDT"]
[Termination "Henryk_S won by resignation"]

1. e4 c5 2. Nf3 d6 3. c3 Nf6 4. Be2 Nc6 5. d4 cxd4 6. cxd4 g6 7. Nc3 Bg7 8. O-O O-O 9. h3 e5 10. dxe5 dxe5 11. Qxd8 Rxd8 12. Bg5 h6 13. Bxf6 Bxf6 14.
Nd5 Bg7 15. Rac1 Be6 16. Nc7 Bxa2 17. Nxa8 Rxa8 18. Bc4 Bxc4 19. Rxc4 Rd8 20. b4 a6 21.
Rb1 Nd4 22. Rc7 b5 23. Ra7 Nxf3+ 24. gxf3 Bf8 25. Rxa6 Rd4 26. Rb6 Bxb4 27. Rxb5 Bd6 28. Rd5 Rxd5 29. exd5 Kf8 30. Rb7 Ke8 31. Kf1 f5 32.
Ke2 Kd8 33. Rg7 g5 34. Rg6 Bf8 35.
Rf6 f4 36. Rxf8+ 1-0

[Event "Early-Titled-Tuesday-Blitz-August-29-2023"]
[Site "Chess.com"]
[Date "2023.08.29"]
[Round "10"]
[White "hurricane7791"]
[Black "regular_legs"]
[Result "0-1"]
[WhiteElo "2673"]
[BlackElo "2589"]
[TimeControl "180+1"]
[EndTime "9:51:07 PDT"]
[Termination "regular_legs won by resignation"]

1. d4 d5 2. c4 e6 3. Nc3 a6 4. c5 b6 5. cxb6 cxb6 6. Nf3 Bd6 7.
Bg5 Ne7 8. e3 Nbc6 9. Bd3 O-O 10. Rc1 Bd7 11. a3 Qb8 12. Qd2 Rc8 13. e4 dxe4 14.
Nxe4 Nd5 15. Nxd6 Qxd6 16. O-O Nce7 17. Bh4 Bb5 18. Bg3 Qd8 19. Bxb5 axb5 20. Ne5 Rxc1 21. Rxc1 Rc8 22. f3 f6 23. Nd3 Rc4 24. Bf2 Kf7 25. Re1 Qc8 26. Qe2 Rc2 27. Qe4 Ng6 28. h4 h5 29. g4 hxg4 30. h5 Nf8 31. fxg4 Qc6 32. g5 Ne7 33. Qf4 Nf5 34. d5 Qxd5 35. Nb4 Qc4 36.
Qf3 Rc1 37. g6+ Kg8 38. Nc6 Qxc6 0-1

[Event "Early-Titled-Tuesday-Blitz-August-29-2023"]
[Site "Chess.com"]
[Date "2023.08.29"]
[Round "10"]
[White "Mesa_1"]
[Black "MusicCityMaster"]
[Result "0-1"]
[WhiteElo "2556"]
[BlackElo "2448"]
[TimeControl "180+1"]
[EndTime "9:51:11 PDT"]
[Termination "MusicCityMaster won by resignation"]

1. Nf3 Nf6 2. c4 g6 3. Nc3 Bg7 4. e4 d6 5. d4 O-O 6. Be2 e5 7.
O-O Nc6 8. d5 Ne7 9. b4 Nh5 10.
Re1 f5 11. Ng5 Nf6 12. c5 h6 13. Ne6 Bxe6 14. dxe6 Nxe4 15. Nxe4 fxe4 16. cxd6 cxd6 17. b5 d5 18. Ba3 d4 19. Bc4 Rc8 20. Rc1 Rf4 21.
g3 Rf3 22. Bxe7 Qxe7 23. Rxe4 Rcf8 24. Rc2 Kh7 25. Bd3 Qxe6 26. Kg2 Qf6 27. Qe2 h5 28. Rc7 Rxf2+ 0-1

[Event "Early-Titled-Tuesday-Blitz-August-29-2023"]
[Site "Chess.com"]
[Date "2023.08.29"]
[Round "10"]
[White "Tsyhanchuk_Stanislav"]
[Black "stepanosinovsky"]
[Result "1-0"]
[WhiteElo "2420"]
[BlackElo "2303"]
[TimeControl "180+1"]
[EndTime "9:51:11 PDT"]
[Termination "Tsyhanchuk_Stanislav won by resignation"]

1. c4 Nf6 2. Nc3 g6 3. d4 d6 4.
e4 Bg7 5. f4 O-O 6. Nf3 c5 7.
d5 e6 8. Be2 exd5 9. exd5 b5 10.
cxb5 a6 11. O-O axb5 12. Bxb5 Bb7 13. f5 Nbd7 14. Bg5 Qb6 15. a4 Ng4 16. Bxd7 Qxb2 17.
Rb1 Qxc3 18. Rxb7 h6 19. fxg6 hxg5 20. Bxg4 f5 21. Bh5 g4 22. Kh1 gxf3 23. Rxf3 Qd4 24.
Qxd4 Bxd4 25. g7 1-0

[Event "Early-Titled-Tuesday-Blitz-August-29-2023"]
[Site "Chess.com"]
[Date "2023.08.29"]
[Round "10"]
[White "YouJustFoundYourGodfather"]
[Black "Anton_Demchenko"]
[Result "0-1"]
[WhiteElo "2627"]
[BlackElo "2938"]
[TimeControl "180+1"]
[EndTime "9:51:20 PDT"]
[Termination "Anton_Demchenko won on time"]

1. d4 Nf6 2. c4 d6 3. Nf3 Nc6 4.
d5 Ne5 5. Nxe5 dxe5 6. Nc3 e6 7. e4 Bc5 8. Be2 O-O 9. O-O c6 10. dxc6 bxc6 11. Qxd8 Rxd8 12. g4 h6 13. h4 Bd4 14.
g5 hxg5 15. hxg5 Nh7 16. Kg2 Rb8 17. Nd1 c5 18. Rb1 a5 19. b3 a4 20. Ba3 axb3 21.
Rxb3 Rxb3 22. axb3 Nxg5 23. f3 f5 24. Nf2 Bb7 25.
exf5 exf5 26. Nd3 e4 27. fxe4 Bxe4+ 28. Kg3 Ne6 0-1

[Event "Early-Titled-Tuesday-Blitz-August-29-2023"]
[Site "Chess.com"]
[Date "2023.08.29"]
[Round "10"]
[White "zabivol_mc"]
[Black "LileKoridze"]
[Result "1-0"]
[WhiteElo "2599"]
[BlackElo "2357"]
[TimeControl "180+1"]
[EndTime "9:51:24 PDT"]
[Termination "zabivol_mc won by resignation"]

1. e4 c5 2. Nf3 d6 3. Bb5+ Nd7 4. O-O a6 5. Bxd7+ Bxd7 6. c3 Nf6 7. Re1 g6 8. d4 cxd4 9. cxd4 Bg7 10. e5 dxe5 11. dxe5 Ng4 12. Nc3 O-O 13. Bf4 Bc6 14. Nd4 Nh6 15.
Nxc6 bxc6 16. Qf3 Qb6 17. Rab1 Nf5 18. b4 e6 19. Na4 Qb5 20. Nc5 Rfd8 21. a4 Qc4 22.
Bg5 Rd5 23. Bf6 Bxf6 24. exf6 Qd4 25. h3 Qxf6 26. g4 Qg5 27. Ne4 Qh4 28. gxf5 Rxf5 29. Qg4 Qh6 30. Rbd1 Rb8 31. Rd3 Kg7 32. Ng3 Rf4 33.
Nh5+ Qxh5 34. Qxf4 1-0

[Event "Early-Titled-Tuesday-Blitz-August-29-2023"]
[Site "Chess.com"]
[Date "2023.08.29"]
[Round "10"]
[White "fabianvivasz"]
[Black "RandomNoob04"]
[Result "0-1"]
[WhiteElo "2425"]
[BlackElo "2628"]
[TimeControl "180+1"]
[EndTime "9:51:26 PDT"]
[Termination "RandomNoob04 won on time"]

1. e4 e5 2. Nf3 Nf6 3. d4 Nxe4 4. Bd3 d5 5. Nxe5 Nd7 6. Nc3 Nxe5 7. dxe5 Nxc3 8. bxc3 Be7 9. O-O O-O 10. Rb1 b6 11. f4 Bc5+ 12. Kh1 Qh4 13. Qf3 Bb7 14. f5 Rab8 15. Bf4 d4 16. Be4 Bxe4 17. Qxe4 dxc3 18.
Rf3 Rbd8 19. Rbf1 Rd4 20. Qc6 Rfd8 21. Be3 Rc4 22. e6 Bxe3 23. exf7+ Kf8 24. Qe6 Bc5 0-1

[Event "Early-Titled-Tuesday-Blitz-August-29-2023"]
[Site "Chess.com"]
[Date "2023.08.29"]
[Round "10"]
[White "KrokerGuy"]
[Black "Irina_Barchuk"]
[Result "1-0"]
[WhiteElo "2506"]
[BlackElo "2353"]
[TimeControl "180+1"]
[EndTime "9:51:27 PDT"]
[Termination "KrokerGuy won by checkmate"]

1. e4 c5 2. Nf3 Nc6 3. d4 cxd4 4. Nxd4 g6 5. Nc3 Bg7 6. Be3 Nf6 7. Bc4 O-O 8. Bb3 d6 9. f3 Bd7 10. Qd2 Rc8 11.
O-O-O Ne5 12. Kb1 Nc4 13. Bxc4 Rxc4 14. g4 Qa5 15. Nb3 Qa6 16. e5 Ne8 17. Bh6 Bxe5 18. Nd5 Bg7 19. Nxe7+ Kh8 20. h4 f5 21. h5 fxg4 22. hxg6 Bf5 23. Bxg7+ Kxg7 24. Rxh7+ Kf6 25. Nd5+ Kxg6 26. Qh6# 1-0

[Event "Early-Titled-Tuesday-Blitz-August-29-2023"]
[Site "Chess.com"]
[Date "2023.08.29"]
[Round "10"]
[White "Good_Knight_Kiss"]
[Black "BlitzWizard04"]
[Result "0-1"]
[WhiteElo "2389"]
[BlackElo "2596"]
[TimeControl "180+1"]
[EndTime "9:51:30 PDT"]
[Termination "BlitzWizard04 won on time"]

1. e4 c5 2. Nf3 e6 3. d4 cxd4 4.
Nxd4 Nc6 5. Nc3 Qc7 6. g3 a6 7.
Bg2 Nf6 8. O-O Nxd4 9. Qxd4 Bc5 10. Bf4 d6 11. Qd2 h6 12. Rad1 e5 13. Be3 Bb4 14.
Nb5 axb5 15. Qxb4 Rxa2 16. Rxd6 O-O 17. Rd2 Be6 18. f3 Qc4 19. c3 Qxb4 20. cxb4 Rc8 21. Bf2 Rc4 22. Bc5 Nd7 23. Bd6 Rd4 24. Rfd1 Rxd2 25.
Rxd2 f6 26. Bc7 Ra4 27. Bd6 Nb6 28. Bc5 Nc4 29. Rd8+ Kh7 30. b3 Ra1+ 31. Kf2 Ra2+ 32. Kg1 Nd2 33. Rb8 Nxb3 34. Rxb7 Bc4 35. Rb8 Nd4 36. Bh3 Nxf3+ 0-1

[Event "Early-Titled-Tuesday-Blitz-August-29-2023"]
[Site "Chess.com"]
[Date "2023.08.29"]
[Round "10"]
[White "Fh2411"]
[Black "Shuvalov"]
[Result "1-0"]
[WhiteElo "2638"]
[BlackElo "2472"]
[TimeControl "180+1"]
[EndTime "9:51:32 PDT"]
[Termination "Fh2411 won by resignation"]

1. d4 Nf6 2. Nf3 g6 3. c4 Bg7 4.
Nc3 d5 5. Bf4 O-O 6. e3 c5 7.
dxc5 Ne4 8. Be5 Bxe5 9. Nxe5 Nxc3 10. bxc3 Qa5 11. Qd4 Nc6 12. Nxc6 bxc6 13. cxd5 cxd5 14. Be2 Ba6 15. Qb4 Qxb4 16. cxb4 Bxe2 17. Kxe2 Rfc8 18. Kd3 a5 19. a3 e5 20. Rhc1 Rab8 21. Rab1 axb4 22. axb4 Rb5 23. f3 Kf8 24. e4 d4 25.
Kc4 Rbb8 26. b5 Ke7 27. Ra1 Ra8 28. b6 Rab8 29. Kb5 Ke6 30. c6 Kd6 31. b7 Rc7 32. Kb6 f5 33. Ra8 Rbxb7+ 34. cxb7 Rxc1 35. b8=Q+ Ke6 36. Qg8+ Kf6 37. Qxh7 1-0

[Event "Early-Titled-Tuesday-Blitz-August-29-2023"]
[Site "Chess.com"]
[Date "2023.08.29"]
[Round "10"]
[White "Chessdreamer2020"]
[Black "MdChess1734"]
[Result "0-1"]
[WhiteElo "2541"]
[BlackElo "2378"]
[TimeControl "180+1"]
[EndTime "9:51:42 PDT"]
[Termination "MdChess1734 won by resignation"]

1. e3 b6 2. f4 Bb7 3. Nf3 g6 4. Nc3 Bg7 5. b3 d6 6. Bb2 Nd7 7. Be2 Ngf6 8. O-O O-O 9. d3 e5 10. fxe5 Ng4 11. Qd2 Bh6 12. Nd1 Ngxe5 13. Nxe5 Nxe5 14.
Bxe5 dxe5 15. Bf3 e4 16. Be2 Qg5 17. d4 f5 18. Nf2 Qxe3 19. Qxe3 Bxe3 20. Rad1 Rad8 21.
c3 c5 22. dxc5 Bxc5 23. Kh1 Kg7 24. Nh3 Be3 25. Nf4 Bxf4 26. Rxf4 Rxd1+ 27. Bxd1 Rd8 28. Rf1 Rd2 29. a4 e3 30. Bf3 Bxf3 31. gxf3 e2 32. Rg1 Rd1 0-1

[Event "Early-Titled-Tuesday-Blitz-August-29-2023"]
[Site "Chess.com"]
[Date "2023.08.29"]
[Round "10"]
[White "vi_pranav"]
[Black "fastestmindalive"]
[Result "1-0"]
[WhiteElo "2974"]
[BlackElo "2733"]
[TimeControl "180+1"]
[EndTime "9:51:43 PDT"]
[Termination "vi_pranav won by checkmate"]

1. e4 c5 2. Nf3 e6 3. d4 cxd4 4. Nxd4 Bc5 5. Nc3 Qb6 6. Na4 Qa5+ 7. c3 Bxd4 8. Qxd4 Nf6 9. Nc5 b6 10. Nb3 Nc6 11. Nxa5 Nxd4 12. cxd4 bxa5 13. f3 Rb8 14. b3 d5 15. Bf4 Rb6 16. Rc1 O-O 17. Bc7 Rb7 18. e5 Nd7 19. Ba6 a4 20. Bd6 axb3 21.
Bxb7 b2 22. Rb1 Bxb7 23. Bxf8 Nxf8 24. Rxb2 Ba6 25. Kd2 g5 26. Rc1 Kg7 27. Rc7 Ng6 28.
Rxa7 Bc4 29. Rbb7 Nf4 30. Rxf7+ Kg6 31. Rxf4 gxf4 32. Ke1 h5 33. a4 Bb3 34. Kf2 Kg5 35.
a5 Bc4 36. Rb7 Kh4 37. Rb6 Bd3 38. a6 Bf5 39. a7 Bg6 40. a8=Q Bf5 41. Qd8# 1-0

[Event "Early-Titled-Tuesday-Blitz-August-29-2023"]
[Site "Chess.com"]
[Date "2023.08.29"]
[Round "10"]
[White "The_Princess_Moon"]
[Black "realburq"]
[Result "0-1"]
[WhiteElo "2193"]
[BlackElo "2394"]
[TimeControl "180+1"]
[EndTime "9:51:46 PDT"]
[Termination "realburq won by checkmate"]

1. e4 e5 2. Nf3 Nf6 3. Nc3 Nc6 4.
Bb5 Bd6 5. d3 O-O 6. Bg5 Re8 7.
Nd5 Be7 8. Nxe7+ Qxe7 9. h3 Qb4+ 10. Qd2 Qxb5 11. Bxf6 gxf6 12. Qh6 Qb4+ 13. c3 Qf8 14. Qxf6 Qg7 15. Qh4 d5 16. exd5 e4 17. dxe4 Bf5 18.
O-O Bxe4 19. Qf4 Bxd5 20. Rad1 Bxf3 21. Qxf3 Rad8 22. b4 Qe5 23. a4 a6 24. Qg4+ Qg7 25.
Qf3 Ne5 26. Qxb7 c6 27. f4 Nf3+ 28. Kf2 Nd2 29. Rfe1 Qxc3 30. Rxe8+ Rxe8 31. Qd7 Qe3# 0-1

[Event "Early-Titled-Tuesday-Blitz-August-29-2023"]
[Site "Chess.com"]
[Date "2023.08.29"]
[Round "10"]
[White "zozik"]
[Black "joksijoksi"]
[Result "1-0"]
[WhiteElo "2354"]
[BlackElo "2454"]
[TimeControl "180+1"]
[EndTime "9:51:51 PDT"]
[Termination "zozik won by resignation"]

1. d4 d5 2. Nf3 Nf6 3. g3 h5 4. Bg2 Bg4 5. O-O Bxf3 6. Bxf3 h4 7. c4 e6 8. Qb3 b6 9. Bg5 c6 10. Nc3 hxg3 11. hxg3 Be7 12. Kg2 Nbd7 13. Rh1 Rxh1 14.
Rxh1 Nf8 15. e4 dxe4 16. Nxe4 Nxe4 17. Bxe4 Bxg5 18. Bxc6+ Ke7 19. Qa3+ Kf6 20. Qf3+ Kg6 21. Bxa8 Qxd4 22. Qe4+ Qxe4+ 23. Bxe4+ Kf6 24. f4 Bh6 25. Kf3 e5 26. Rd1 exf4 27. gxf4 Ne6 28. Rd7 Bxf4 29. Rxa7 Bc1 30. b4 g5 31. Bd5 Nd4+ 32. Kg4 Ne6 33.
Rb7 Ke5 34. Rxf7 Nd4 35. a4 Ba3 36. a5 bxa5 37. bxa5 1-0

[Event "Early-Titled-Tuesday-Blitz-August-29-2023"]
[Site "Chess.com"]
[Date "2023.08.29"]
[Round "10"]
[White "Irina_Mikhaylova"]
[Black "tk22h"]
[Result "1-0"]
[WhiteElo "2306"]
[BlackElo "2405"]
[TimeControl "180+1"]
[EndTime "9:51:52 PDT"]
[Termination "Irina_Mikhaylova won by resignation"]

1. Nf3 Nf6 2. c4 c5 3. Nc3 d5 4. cxd5 Nxd5 5. e4 Nxc3 6. dxc3 Qxd1+ 7. Kxd1 Bg4 8. Be2 Nd7 9. Kc2 O-O-O 10. Be3 Bxf3 11.
Bxf3 e6 12. Be2 b6 13. Ba6+ Kc7 14. Rad1 Bd6 15. f4 Nb8 16. Be2 Be7 17. h4 Rxd1 18. Bxd1 h5 19. Bf3 g6 20. g3 Nd7 21. e5 Nb8 22. Rd1 Rd8 23. Rxd8 Bxd8 24. Kd3 a6 25. b4 cxb4 26. cxb4 Be7 27. a3 Nc6 28. Bf2 Bd8 29. g4 hxg4 30. Bxg4 Ne7 31. h5 gxh5 32. Bxh5 Ng6 33. Ke4 Be7 34. f5 exf5+ 35. Kxf5 Nh8 36. Bd4 a5 37. bxa5 bxa5 38. a4 Kc6 39. e6 fxe6+ 40.
Kxe6 Bb4 41. Bf3+ 1-0

[Event "Early-Titled-Tuesday-Blitz-August-29-2023"]
[Site "Chess.com"]
[Date "2023.08.29"]
[Round "10"]
[White "FormerProdigy"]
[Black "albi1999"]
[Result "1-0"]
[WhiteElo "2864"]
[BlackElo "2674"]
[TimeControl "180+1"]
[EndTime "9:51:56 PDT"]
[Termination "FormerProdigy won by resignation"]

1. c4 Nf6 2. Nf3 c5 3. Nc3 e6 4. e3 d5 5. d4 a6 6. b3 cxd4 7. exd4 Be7 8. Bb2 O-O 9. Be2 dxc4 10. bxc4 b6 11. O-O Bb7 12. Rb1 Nc6 13. Ba1 Rc8 14. Na4 Nd7 15. d5 exd5 16. cxd5 Na5 17. Nd4 Bf6 18. Nf5 Bxa1 19. Rxa1 Nc5 20. Qd4 Qg5 21.
Nxb6 Qxf5 22. Nxc8 Rxc8 23. Bg4 1-0

[Event "Early-Titled-Tuesday-Blitz-August-29-2023"]
[Site "Chess.com"]
[Date "2023.08.29"]
[Round "10"]
[White "Mikedannnn"]
[Black "assezde36"]
[Result "1-0"]
[WhiteElo "2611"]
[BlackElo "2784"]
[TimeControl "180+1"]
[EndTime "9:51:56 PDT"]
[Termination "Mikedannnn won by resignation"]

1. e4 c6 2. d4 d5 3. e5 c5 4.
dxc5 e6 5. Be3 Nd7 6. Nf3 Bxc5 7. Bxc5 Nxc5 8. Nbd2 Ne7 9. Nb3 Ng6 10. Nxc5 Qa5+ 11. Qd2 Qxc5 12. Bd3 Bd7 13. a4 O-O 14. O-O Rac8 15.
Rfe1 h6 16. h4 Ne7 17. c3 Nf5 18. h5 Rfd8 19. g4 Ne7 20. g5 hxg5 21. Qxg5 Nf5 22. Bxf5 exf5 23. Nd4 Qb6 24. e6 Be8 25. h6 1-0

[Event "Early-Titled-Tuesday-Blitz-August-29-2023"]
[Site "Chess.com"]
[Date "2023.08.29"]
[Round "10"]
[White "artin10862"]
[Black "crescentmoon2411"]
[Result "1-0"]
[WhiteElo "2833"]
[BlackElo "3007"]
[TimeControl "180+1"]
[EndTime "9:52:00 PDT"]
[Termination "artin10862 won by resignation"]

1. Nf3 Nf6 2. c4 e6 3. Nc3 d5 4. d4 c5 5. cxd5 Nxd5 6. e4 Nxc3 7. bxc3 cxd4 8. cxd4 Bb4+ 9. Bd2 Bxd2+ 10. Qxd2 O-O 11.
Rc1 b6 12. Bd3 Bb7 13. O-O Nd7 14. Qf4 Rc8 15. Rxc8 Qxc8 16. Rc1 Qb8 17. Qxb8 Rxb8 18. Rc7 Nf6 19. Ng5 h6 20. Nxf7 Ne8 21. Rd7 Rc8 22.
Rxb7 Rc1+ 23. Bf1 Nf6 24. Nd6 Rd1 25. f3 Rxd4 26. Nb5 Rd1 27. Rxa7 Nh5 28. Kf2 Nf4 29. g3 Ng6 30. Rb7 Rd2+ 31. Ke3 Rxa2 32. Bc4 Rxh2 33. Bxe6+ 1-0

[Event "Early-Titled-Tuesday-Blitz-August-29-2023"]
[Site "Chess.com"]
[Date "2023.08.29"]
[Round "10"]
[White "vladgoncharov"]
[Black "masenik"]
[Result "0-1"]
[WhiteElo "2543"]
[BlackElo "2443"]
[TimeControl "180+1"]
[EndTime "9:52:07 PDT"]
[Termination "masenik won by resignation"]

1. d4 Nf6 2. c4 e6 3. Nc3 Bb4 4. e3 O-O 5. Bd3 d6 6. Ne2 Nbd7 7. a3 Bxc3+ 8. Nxc3 e5 9. O-O Re8 10. b4 c6 11. Be2 Qe7 12. Bb2 Nf8 13. Bf3 Ng6 14.
d5 Nh4 15. dxc6 Nxf3+ 16. Qxf3 bxc6 17. Qxc6 Bb7 18. Qa4 Qe6 19. Rac1 Bxg2 20. Kxg2 Qg4+ 21. Kh1 Qf3+ 22. Kg1 Ng4 23. Qd1 Qh3 24. Qxg4 Qxg4+ 25. Kh1 Qf3+ 26. Kg1 Re6 27. Rfd1 Rg6+ 28. Kf1 Rg2 29. Rc2 Rxh2 30. Ke1 Rh1+ 31. Kd2 Qxf2+ 32. Kd3 e4+ 0-1

[Event "Early-Titled-Tuesday-Blitz-August-29-2023"]
[Site "Chess.com"]
[Date "2023.08.29"]
[Round "10"]
[White "CraiggoryC"]
[Black "Jojo_898"]
[Result "1-0"]
[WhiteElo "2205"]
[BlackElo "2371"]
[TimeControl "180+1"]
[EndTime "9:52:07 PDT"]
[Termination "CraiggoryC won by resignation"]

1. e4 d6 2. d4 Nf6 3. Nc3 g6 4. Be3 c6 5. Qd2 h5 6. Nf3 Bg7 7. Bd3 b5 8. a4 b4 9. Ne2 a5 10. O-O O-O 11. Bh6 Bg4 12. Bxg7 Kxg7 13. Ng5 e5 14. f3 Bd7 15. Kh1 Qe7 16. Rae1 Rh8 17. f4 exd4 18. Nxd4 c5 19. Ndf3 Nc6 20. e5 dxe5 21.
Nxe5 Nxe5 22. fxe5 Ng4 23. Rxf7+ Qxf7 24. Nxf7 Kxf7 25. e6+ Bxe6 26. Bxg6+ Kxg6 27. Rxe6+ Kf7 28. Qd7+ Kf8 29. Qd6+ Kf7 30. Re7+ Kg8 31. Qd5+ Kf8 32. Qxa8+ Kxe7 33. Qxh8 Kd7 34. Qxh5 1-0

[Event "Early-Titled-Tuesday-Blitz-August-29-2023"]
[Site "Chess.com"]
[Date "2023.08.29"]
[Round "10"]
[White "cool64chess"]
[Black "jk13"]
[Result "0-1"]
[WhiteElo "2533"]
[BlackElo "2668"]
[TimeControl "180+1"]
[EndTime "9:52:14 PDT"]
[Termination "jk13 won by resignation"]

1. d4 Nf6 2. c4 e6 3. Nc3 Bb4 4. f3 c5 5. d5 d6 6. e4 b5 7.
Bd3 O-O 8. Ne2 exd5 9. cxd5 c4 10. Bc2 Nbd7 11. O-O a6 12. Nd4 Bc5 13. Kh1 Ne5 14.
f4 Bg4 15. Qd2 Nd3 16. Nc6 Qb6 17. Bxd3 cxd3 18. e5 dxe5 19. fxe5 Nxd5 20. Nxd5 Qxc6 21. Qxd3 Rad8 22. Nf6+ Qxf6 23. exf6 Rxd3 24. fxg7 Kxg7 0-1

[Event "Early-Titled-Tuesday-Blitz-August-29-2023"]
[Site "Chess.com"]
[Date "2023.08.29"]
[Round "10"]
[White "lamomiajunior"]
[Black "gueraumasague"]
[Result "1-0"]
[WhiteElo "2785"]
[BlackElo "2559"]
[TimeControl "180+1"]
[EndTime "9:52:21 PDT"]
[Termination "lamomiajunior won on time"]

1. d4 Nf6 2. Nc3 d5 3. Bf4 e6 4.
Nb5 Na6 5. e3 c6 6. Nc3 Nc7 7.
Nf3 Bb4 8. Bd3 b6 9. O-O a5 10. Ne5 Bb7 11. Ne2 O-O 12. Ng3 Ba6 13. Nxc6 Qd7 14. Ne5 Qc8 15. a3 Bd6 16. Rc1 Bxd3 17. cxd3 Qb7 18. Qf3 Rac8 19. Ng4 Nfe8 20. Nh5 f6 21.
Bxd6 Nxd6 22. Ngxf6+ Kh8 23. Qg3 Nf5 24. Qe5 gxf6 25.
Nxf6 Ng7 26. Nh5 Ne8 27. h4 Rf5 28. Qg3 Nxh5 29. Qh3 Nhg7 30. g4 Rf8 31. h5 Nd6 32. Qg3 Nge8 33. h6 Rg8 34. Qe5+ Ng7 35. hxg7+ Rxg7 36.
Qxd6 1-0

[Event "Early-Titled-Tuesday-Blitz-August-29-2023"]
[Site "Chess.com"]
[Date "2023.08.29"]
[Round "10"]
[White "Brave_spirit12"]
[Black "Agibileg"]
[Result "1-0"]
[WhiteElo "2835"]
[BlackElo "2631"]
[TimeControl "180+1"]
[EndTime "9:52:22 PDT"]
[Termination "Brave_spirit12 won by resignation"]

1. e4 c5 2. c3 e6 3. d4 cxd4 4. cxd4 Nf6 5. e5 Nd5 6. Nc3 d6 7. Nf3 Be7 8. Bd3 Nd7 9. O-O dxe5 10. Nxe5 Nxc3 11. bxc3 O-O 12. Qf3 Bf6 13. Ng4 Bg5 14.
Bxg5 Qxg5 15. Rae1 Nf6 16. Ne5 Nd5 17. Re4 f5 18.
Re2 Nxc3 19. Rc2 Nd5 20. Bc4 Nf4 21. Bb3 Rd8 22. g3 Nd5 23. Rfc1 Nb6 24. Rxc8 Raxc8 25. Bxe6+ Kf8 26. Rxc8 Nxc8 27. Qxb7 Qe7 28. Qb3 Nd6 29. Nc6 Qc7 30. Nxd8 Qxd8 31. d5 Ke7 32. Qb2 Qf8 33.
Qc1 Qd8 34. Qg5+ Ke8 35. Qxg7 Qe7 36. Qh8+ Qf8 37. Qxh7 Qf6 38. Qd7+ Kf8 39. Qxd6+ Kg7 40. Qd7+ 1-0